 Dungeon Crawl Stone Soup version 0.17.0-55-g1383181 (webtiles) character file.

1220 PossumBlood the Thaumaturge (level 8, -3/41 HPs)
             Began as a Deep Elf Wizard on Dec 4, 2015.
             Slain by an ogre
             ... wielding a +0 giant club
              (11 damage)
             ... on level 4 of the Dungeon.
             The game lasted 00:31:43 (5417 turns).

PossumBlood the Thaumaturge (Deep Elf Wizard)       Turns: 5417, Time: 00:31:43

Health: -3/41      AC:  4    Str:  4    XL:     8   Next: 23%
Magic:  17/23      EV: 12    Int: 26    God:
Gold:   216        SH:  0    Dex: 13    Spells: 5 memorised, 17 levels left

rFire  . . .     SeeInvis .     n - +1 dagger (pain)
rCold  . . .     Clarity  .     A - +2 robe {rN+}
rNeg   + . .     SustAt   +     (no shield)
rPois  .         Gourm    .     b - +0 hat
rElec  .         Spirit   .     (no cloak)
rCorr  .         Warding  .     (no gloves)
rMut   .         Stasis   .     (no boots)
MR     .....                    w - amulet of regeneration
Stlth  +.........               (no ring)
                                h - ring of sustain attributes

@: confused, not resistant to hostile enchantments, very unstealthy
A: no striking features
a: no special abilities


You were on level 4 of the Dungeon.
You were not hungry.

You visited 1 branch of the dungeon, and saw 4 of its levels.

You collected 216 gold pieces.

Inventory:

Hand Weapons
 g - a +0 short sword
 n - a +1 dagger of pain (weapon)
 p - a +2 dagger of venom
 q - a +1 dagger of venom
 s - a +1 dagger of speed
 u - a +1 dagger of venom
 z - a +1 dagger of venom
Missiles
 v - 3 javelins (quivered)
Armour
 a - a +0 robe
 b - a +0 hat (worn)
 A - a +2 robe of positive energy (worn)
Jewellery
 h - a ring of sustain attributes (left hand)
 w - an amulet of regeneration (around neck)
Scrolls
 i - a scroll of teleportation
 k - a scroll of fog
 x - a scroll of identify
 y - a scroll of amnesia
 C - a scroll of remove curse
Potions
 e - a potion of mutation {unknown}
 j - 2 potions of ambrosia {unknown}
 l - a potion of might {unknown}
 m - 3 potions of agility
 o - 2 potions of curing {unknown}
 r - a potion of degeneration {unknown}
Books
 c - a book of Minor Magic

   Spells                             Type                      Level
   a - Magic Dart                     Conjuration                  1
   b - Blink                          Translocation                2
   c - Call Imp                       Summoning                    2
   d - Repel Missiles                 Charms/Air                   2
   e - Slow                           Hexes                        2
   f - Conjure Flame                  Conjuration/Fire             3
   g - Mephitic Cloud                 Conjuration/Poison/Air       3
 f - a book of the Dragon

   Spells                             Type                      Level
   a - Flame Tongue                   Conjuration/Fire             1
   b - Cause Fear                     Hexes                        4
   c - Bolt of Fire                   Conjuration/Fire             6
   d - Dragon Form                    Transmutation                7
   e - Dragon's Call                  Summoning                    9
 B - a book of Changes

   Spells                             Type                      Level
   a - Beastly Appendage              Transmutation                1
   b - Sticks to Snakes               Transmutation                2
   c - Spider Form                    Transmutation/Poison         3
   d - Ice Form                       Ice/Transmutation            4
   e - Blade Hands                    Transmutation                5
Comestibles
 d - a bread ration
 t - 2 beef jerkies


   Skills:
 - Level 2.4 Dodging
 - Level 2.4 Stealth
 + Level 9.7 Spellcasting
 + Level 7.2 Conjurations
   Level 1.1 Summonings
 - Level 1.1 Translocations
 + Level 3.2 Fire Magic


You had 17 spell levels left.
You knew the following spells:

 Your Spells              Type           Power        Failure   Level  Hunger
a - Magic Dart            Conj           ####         1%          1    None
b - Flame Tongue          Conj/Fire      #####        1%          1    None
c - Mephitic Cloud        Conj/Pois/Air  ####....     8%          3    None
d - Blink                 Tloc           N/A          4%          2    None
e - Slow                  Hex            ##......     10%         2    None


Dungeon Overview and Level Annotations

Branches:
Dungeon (4/15)
 Temple: D:4-7

Altars:
Trog
Yredelemnul


Message History

Aim: an ogre, wielding a giant club (lightly wounded)
The flame tongue hits the ogre.
The ogre is moderately wounded.
The ogre closely misses you.
The orc wizard points at you and mumbles some strange words.
You are confused.
You're too confused to cast spells.
There isn't anything to butcher here.
You're too confused to cast spells.
You bump into the rock wall.
The ogre hits you with a giant club!
* * * LOW HITPOINT WARNING * * *
The orc wizard hits you with a dagger of electrocution.
* * * LOW HITPOINT WARNING * * *
You're too confused to move!
The orc misses you.
The orc wizard points at you and mumbles some strange words.
The puff of flame misses you.
You're too confused!
You're too confused!
You bump into the rock wall.
The ogre hits you with a giant club!
You die...

.....# ##.# ##...# #.#
##.## ## #.# #.# .# #+#
#.# .# #.# ### .# .
###.# ##.## .# ...
.##.########...##o#.....
................@Oo.....
.##.########...##o#.....
###.# ##.## .# ... #.#
### #. . ###.## #.
.....## ## ......#
....).# ......#


You could see an ogre, an orc wizard and 2 orcs.

Vanquished Creatures
  Grinder (D:4)
  Edmund (D:4)
  Duvessa (D:4)
  2 phantoms (D:4)
  A big kobold (D:4)
  Dowan (D:4)
  The ghost of Musteatbrain the Shooter, a weakling HEHu (D:3)
  3 hounds
  3 orc priests
  3 orc wizards
  A worker ant (D:4)
  Robin (D:4)
  6 adders
  A shadow imp (D:4)
  2 oozes
  An adder skeleton (D:4)
  2 worms
  4 giant geckos
  10 orcs
  2 ball pythons
  9 bats
  4 giant cockroaches
  17 goblins
  13 hobgoblins
  5 quokkas
  A giant gecko skeleton (D:4)
  8 giant newts
  9 jackals
  16 kobolds
  6 rats
135 creatures vanquished.

Vanquished Creatures (others)
  A plant (D:4)
1 creature vanquished.

Grand Total: 136 creatures vanquished

Notes
Turn   | Place    | Note
--------------------------------------------------------------
     0 | D:1      | PossumBlood the Deep Elf Wizard began the quest for the Orb.
     0 | D:1      | Reached XP level 1. HP: 10/10 MP: 7/7
   167 | D:1      | Reached XP level 2. HP: 15/15 MP: 2/9
   746 | D:1      | Reached skill level 5 in Spellcasting
   990 | D:1      | Reached XP level 3. HP: 19/19 MP: 9/11
  1082 | D:2      | Found a bloodstained altar of Trog.
  2051 | D:2      | Reached XP level 4. HP: 24/24 MP: 5/13
  2621 | D:3      | Learned a level 1 spell: Flame Tongue
  2625 | D:3      | Learned a level 3 spell: Mephitic Cloud
  2628 | D:3      | Learned a level 2 spell: Blink
  2631 | D:3      | Learned a level 2 spell: Slow
  2648 | D:3      | Noticed Musteatbrain's ghost (weakling HEHu)
  2656 | D:3      | Killed Musteatbrain's ghost
  2656 | D:3      | Reached skill level 6 in Spellcasting
  2698 | D:3      | Reached XP level 5. HP: 12/28 MP: 3/15
  3333 | D:3      | Reached skill level 7 in Spellcasting
  3464 | D:3      | Reached XP level 6. HP: 32/32 MP: 13/18
  3795 | D:3      | Found a basalt altar of Yredelemnul.
  3920 | D:4      | Reached skill level 5 in Conjurations
  4166 | D:4      | Noticed Dowan
  4169 | D:4      | Noticed Duvessa
  4170 | D:4      | Killed Dowan
  4172 | D:4      | Noticed Robin
  4187 | D:4      | Killed Robin
  4187 | D:4      | Reached skill level 8 in Spellcasting
  4313 | D:4      | Reached XP level 7. HP: 33/36 MP: 6/20
  4403 | D:4      | Killed Duvessa
  4910 | D:4      | Noticed Edmund
  4920 | D:4      | Killed Edmund
  4920 | D:4      | Reached skill level 9 in Spellcasting
  4920 | D:4      | Reached skill level 1 in Fire Magic
  5233 | D:4      | Noticed Grinder
  5252 | D:4      | Killed Grinder
  5252 | D:4      | Reached XP level 8. HP: 17/41 MP: 5/23
  5417 | D:4      | Slain by an ogre

Action                   |  1- 3 |  4- 6 |  7- 9 || total
-------------------------+-------+-------+-------++-------
Melee: Short sword       |       |     8 |       ||     8
       Dagger            |       |     9 |     1 ||    10
 Cast: Magic Dart        |   107 |    91 |    26 ||   224
       Flame Tongue      |       |    54 |    79 ||   133
       Mephitic Cloud    |       |     3 |     3 ||     6
       Blink             |       |     5 |       ||     5
       Slow              |       |       |     1 ||     1
  Use: Scroll            |       |    11 |     1 ||    12
       Potion            |       |     2 |     1 ||     3
  Eat: Fruit             |     4 |     1 |       ||     5
       Pizza             |       |     1 |       ||     1
       Bread ration      |       |     1 |     1 ||     2
